 Dungeon Crawl Stone Soup version 0.28.0-53-g5a82cb258f (webtiles) character file.

Game seed: 591447830628752316

49 fuccboisucc420 the Skirmisher (level 3, -1/29 HPs)
             Began as a Demonspawn Abyssal Knight on July 19, 2022.
             Was a Follower of Lugonu.
             Slain by a gnoll
             ... wielding a +0 whip
              (3 damage)
             ... on level 2 of the Dungeon.
             The game lasted 00:04:31 (939 turns).

fuccboisucc420 the Skirmisher (DsAK)                 Turns: 939, Time: 00:04:31

Health: -1/29      AC: 10    Str: 15    XL:     3   Next: 51%
Magic:  4/4        EV:  4    Int: 11    God:    Lugonu [*.....]
Gold:   62         SH:  0    Dex: 13    Spells: 2/2 levels left

rFire   . . .      SeeInvis .   a - +1 mace
rCold   . . .      Faith    .   (no shield)
rNeg    . . .      Spirit   .   f - +0 plate armour
rPois   .          Reflect  .   (no helmet)
rElec   .          Harm     .   (no cloak)
rCorr   .          Rampage  .   (no gloves)
Will    .....                   (no boots)
Stlth   ..........              (no amulet)
HPRegen 0.09/turn               (no ring)
MPRegen 0.09/turn               (no ring)

@: hasted, very quick
A: spiny 1
a: Renounce Religion, Depart the Abyss


You were on level 2 of the Dungeon.
You worshipped Lugonu.
Lugonu was aware of your devotion.
You visited 1 branch of the dungeon, and saw 2 of its levels.
You visited the Abyss 1 time.

You collected 62 gold pieces.

Inventory:

Hand Weapons
 a - a +1 mace (weapon)
Missiles
 b - 59 stones (quivered)
Armour
 f - a +0 plate armour (worn)
Scrolls
 c - a scroll of blinking {unknown}
 d - a scroll of identify
Potions
 e - a potion of haste


   Skills:
 - Level 3.2 Fighting
 + Level 3.1 Maces & Flails
 + Level 2.1 Armour
 + Level 1.0 Dodging
 - Level 2.4 Invocations


You had 2 spell levels left.
You didn't know any spells.
Your spell library was empty.

Dungeon Overview and Level Annotations

Branches:
Dungeon (2/15)

Altars:


Innate Abilities, Weirdness & Mutations

You are partially covered in sharp spines.


Message History

The gnoll throws a throwing net.
The throwing net hits you.
You become entangled in the net!
You struggle against the net.
A gnoll comes into view. It is wielding a +0 halberd.
You struggle against the net.
You rip the net and break free!
The gnoll hits you from afar with a +2 halberd of protection!
You throw a stone.
The stone hits the gnoll but does no damage.
The gnoll hits you from afar with a +2 halberd of protection. x2
You throw a stone. The stone closely misses the gnoll.
The stone hits the gnoll but does no damage.
The gnoll hits you from afar with a +2 halberd of protection.
You feel yourself speed up.
The gnoll hits you from afar with a +2 halberd of protection.
* * * LOW HITPOINT WARNING * * *
You thump the gnoll!
The gnoll is heavily wounded.
The gnoll hits you but does no damage.
You closely miss the gnoll.
The gnoll is heavily wounded.
The gnoll is struck by your spines.
The gnoll hits you with a +2 halberd of protection.
* * * LOW HITPOINT WARNING * * *
You barely miss the gnoll.
The gnoll is almost dead.
You completely miss the gnoll.
The gnoll is almost dead.
The gnoll is struck by your spines.
You kill the gnoll!
Lugonu accepts your kill.
Your Maces & Flails skill increases to level 3!
You hit the gnoll.
The gnoll is moderately wounded.
The gnoll is struck by your spines. The gnoll hits you but does no damage.
Okay, then.
You closely miss the gnoll.
The gnoll is heavily wounded.
The gnoll hits you with a +0 whip.
You die...

##......<. .........
#....#### #....#
#.... #######.##
#........#
###########........#
....ggg@...........#
..#########........#
#........#####
######...##...
#..)......
#..........
#..........
#..........
#..........


You could see 3 gnolls.

Vanquished Creatures
  A gnoll (D:2)
  An adder (D:2)
  3 endoplasms
  2 hobgoblins (D:1)
  4 jackals (D:1)
  3 kobolds
  2 ball pythons (D:1)
  6 bats (D:1)
  2 goblins (D:1)
  5 rats
29 creatures vanquished.

Vanquished Creatures (others)
  4 toadstools (D:1)
4 creatures vanquished.

Grand Total: 33 creatures vanquished

Notes
Turn   | Place    | Note
-------+----------+-------------------------------------------
     0 | Abyss:1  | fuccboisucc420 the Demonspawn Abyssal Knight began the
                  | quest for the Orb.
     0 | Abyss:1  | Reached XP level 1. HP: 18/18 MP: 2/2
     0 | D:1      | Escaped the Abyss
   111 | D:1      | Reached * piety under Lugonu
   163 | D:1      | Found a faded altar of an unknown god.
   230 | D:1      | Gained mutation: You are partially covered in sharp spines.
                  | [demonic ancestry]
   230 | D:1      | Reached XP level 2. HP: 22/24 MP: 3/3
   264 | D:1      | Reached skill level 1 in Dodging
   864 | D:2      | Reached XP level 3. HP: 23/29 MP: 4/4
   935 | D:2      | HP: 1/29 [gnoll/+2 halberd of protection (6)]
   939 | D:2      | Slain by a gnoll

Illustrated notes

Levels and vault maps discovered:
D:1:      ldierk_water_garden, layout_basic, basic_ecumenical_altar
D:2:      layout_rooms, serial_shops, shop

Skill      XL: |  1  2  3 |
---------------+----------+-----
Maces & Flails | 2 3 |  3.1
Dodging        | 1 |  1.0
Armour         | 2 |  2.1
Fighting       | |  3.2
Invocations    | |  2.4

Action                   || total
-------------------------++-------
Melee: Mace              ||    53
Throw: Stone             ||    11
Invok: Depart the Abyss  ||     1
  Use: Scroll            ||     1
       Potion            ||     1
Armor: Leather armour    ||     6
       Ring mail         ||    13
       Plate armour      ||    21
Dodge: Dodged            ||    18
